Map: Submarine LE

Players

TYTY (TY)

  • Race: Terran Terran
  • League: Grandmaster
  • Spawn Location: 5:00

DPGPartinG (PartinG) - Winner!

  • Race: Protoss Protoss
  • League: Grandmaster
  • Spawn Location: 11:00

Event: War Chest Team League

VOD

Have the link to the VOD?

Description

Time

  • Played on: Aug. 7, 2020, 6:44 a.m.
  • Length: 8:40
Show
View Real Time Build Order
Export as new Build Order

TYTY Terran 

Build Orders:  

Get SALT Encoding   

  12  0:00  SCV  
  13  0:12  SCV  
  14  0:16  Supply Depot  
  14  0:24  SCV  
  15  0:38  SCV  
  15  0:39  Barracks  
  16  0:43  Refinery  
  16  0:50  SCV  
  17  0:59  Barracks  
  17  1:02  SCV  
  18  1:10  Supply Depot  
  19  1:25  Orbital Command  
  18  1:27  Reaper  
  19  1:45  Reaper  
  20  1:52  SCV  
  21  2:03  Reaper  
  21  2:04  SCV  
  23  2:16  Command Center  
  23  2:19  Bunker  
  24  2:24  Barracks Reactor, SCV  
  24  2:29  Refinery  
  24  2:36  SCV  
  25  2:38  Marine  
  24  2:48  SCV  
  24  3:01  SCV  
  24  3:02  Marine x2  
  27  3:08  Barracks Tech Lab  
  27  3:13  SCV  
  27  3:16  Supply Depot  
  27  3:18  Factory  
  27  3:19  Marine x2  
  28  3:25  SCV  
  31  3:37  SCV  
  31  3:38  Marauder, Barracks, Marine x2  
  36  3:44  Concussive Shells  
  37  3:56  Orbital Command  
  37  3:59  Marine x2  
  37  4:02  Marauder  
  40  4:05  Factory Tech Lab  
  40  4:06  SCV  
  41  4:17  Marine  
  41  4:19  SCV  
  44  4:26  Siege Tank  
  44  4:28  Barracks Tech Lab  
  47  4:33  Marauder  
  47  4:35  Combat Shield  
  47  4:39  Marine  
  47  4:40  Marine  
  49  4:45  Supply Depot  
  49  4:48  Marauder  
  51  4:58  Siege Tank  
  54  5:07  Marine x3  
  54  5:11  Marine  
  60  5:21  Supply Depot  
  58  5:25  Marine  
  58  5:26  Marauder  
  56  5:29  Marine x2  
  56  5:32  Siege Tank  
  56  5:42  Marine  
  56  5:47  Marine  
  55  5:51  Marine x2  
  55  5:52  SCV  
  55  5:53  SCV  
  53  6:00  Marine  
  46  6:05  Marine, SCV x2, Siege Tank  
  46  6:09  Marine  
  46  6:16  Stimpack  
  46  6:17  SCV  
  44  6:19  SCV  
  41  6:29  Marine x2  
  42  6:36  Marauder x2  
  42  6:39  Siege Tank  
  48  6:46  Marine  
  48  6:47  Marine  
  49  6:53  SCV x2  
  52  6:57  Marauder x2  
  56  7:04  Marine x2  
  60  7:09  Supply Depot  
  60  7:11  Siege Tank  
  61  7:21  Marauder x2  
  61  7:22  Marine x2  
  65  7:24  SCV x2  
  65  7:29  Supply Depot  
  68  7:36  SCV  
  68  7:37  SCV  
  70  7:40  Marine x2  
  70  7:42  Marauder x2  
  76  7:49  SCV  
  76  7:50  Siege Tank, SCV  
  81  7:58  Marine x2  
  82  8:07  Supply Depot  
  82  8:09  Marauder x2  
  72  8:20  Marine x2  
  72  8:21  SCV  
Show
View Real Time Build Order
Export as new Build Order

DPGPartinG Protoss - Winner!

Build Orders: 1 Gate Expand, Blink Stalkers 

Get SALT Encoding   

  12  0:08  Pylon  
  12  0:12  Probe  
  13  0:26  Gateway  
  13  0:29  Probe (Chrono Boost)  
  14  0:39  Assimilator, Probe (Chrono Boost)  
  15  0:44  Probe (Chrono Boost)  
  16  0:56  Probe  
  17  1:08  Probe  
  18  1:13  Cybernetics Core  
  18  1:20  Probe  
  19  1:30  Nexus  
  19  1:33  Probe  
  20  1:40  Pylon  
  20  1:46  Adept (Chrono Boost)  
  21  1:49  Probe  
  23  1:55  Assimilator  
  23  2:00  Warp Gate  
  23  2:02  Probe  
  23  2:06  Stalker (Chrono Boost)  
  24  2:14  Probe  
  27  2:26  Probe  
  27  2:28  Stalker (Chrono Boost)  
  30  2:42  Shield Battery  
  30  2:43  Probe  
  31  2:46  Probe  
  32  2:56  Probe  
  32  2:57  Stalker (Chrono Boost)  
  32  2:58  Probe  
  32  3:03  Twilight Council  
  34  3:06  Shield Battery  
  34  3:08  Probe  
  34  3:10  Probe  
  36  3:18  Robotics Facility  
  36  3:22  Probe  
  36  3:23  Probe  
  38  3:34  Blink (Chrono Boost), Probe  
  38  3:35  Probe  
  40  3:46  Probe  
  40  3:47  Probe  
  42  3:50  Gateway, Stalker  
  44  3:57  Gateway  
  44  4:00  Probe  
  44  4:01  Probe  
  46  4:13  Probe  
  45  4:18  Stalker  
  45  4:20  Pylon  
  46  4:33  Assimilator  
  46  4:34  Pylon x2  
  46  4:35  Assimilator  
  46  4:38  Probe x2  
  48  4:39  Robotics Bay  
  48  4:41  Observer  
  49  4:47  Gateway  
  49  4:48  Observer  
  49  4:50  Probe x2  
  49  4:52  Stalker  
  53  4:59  Stalker  
  55  5:01  Zealot  
  57  5:15  Immortal (Chrono Boost)  
  57  5:16  Stalker  
  57  5:18  Probe  
  57  5:19  Probe  
  65  5:25  Stalker x2  
  67  5:39  Stalker  
  68  5:43  Stalker  
  63  5:51  Stalker x2  
  63  5:55  Probe  
  58  6:05  Stalker, Warp Prism (Chrono Boost)  
  58  6:14  Probe  
  58  6:15  Probe  
  58  6:16  Stalker x2  
  62  6:19  Stalker  
  62  6:33  Nexus  
  62  6:38  Disruptor (Chrono Boost)  
  62  6:40  Probe  
  62  6:42  Probe  
  67  6:47  Extended Thermal Lance (Chrono Boost)  
  67  6:52  Forge  
  67  6:54  Pylon  
  67  7:00  Probe  
  68  7:01  Probe  
  68  7:02  Pylon  
  68  7:07  Observer (Chrono Boost)  
  70  7:11  Pylon  
  70  7:19  Probe x2  
  72  7:23  Colossus (Chrono Boost)  
  72  7:24  Sentry, Zealot  
  72  7:26  Zealot  
  84  7:31  Probe x2  
  86  7:45  Pylon  
  86  7:47  Probe x2  
  86  7:48  Probe  
  86  7:50  Zealot x3  
  95  7:52  Zealot  
  97  8:08  Dark Shrine  
  97  8:09  Gateway  
  97  8:10  Gateway  
  100  8:13  Sentry, Disruptor (Chrono Boost)  
  102  8:26  Zealot x3  
Tags
 
Add a new tag
Caveats
  • Supply blocks, unpowered buildings, or Contaminate may cause inaccurate times.
  • Supply counts are checked every 10 seconds.